 Dungeon Crawl Stone Soup version 0.29-a0-194-g6e3aafee17 (webtiles) character file.

Game seed: 17207472957627615927

1772398 freelancePsychic the Crack Shot (level 24, 224/224 HPs)
             Began as a Demigod Hunter on Feb 22, 2022.
             Escaped with the Orb
             ... and 3 runes!
             The game lasted 02:31:36 (61104 turns).

freelancePsychic the Crack Shot (Demigod Hunter)   Turns: 61104, Time: 02:31:37

Health: 224/224    AC: 37    Str: 15    XL:     24   Next: 98%
Magic:  39/39      EV: 40    Int: 21    God:
Gold:   1769       SH:  0    Dex: 51    Spells: 19/38 levels left

rFire   + + .      SeeInvis +   b - +4 longbow (freeze)
rCold   + . .      Faith    .   (shield currently unavailable)
rNeg    + . .      Spirit   +   X - +8 fire dragon scales
rPois   +          Reflect  .   k - +4 hat of Decaying Life {rPois rC+ Will+}
rElec   +          Harm     .   q - +4 dragonskin cloak
rCorr   .          Rampage  .   a - +1 pair of gloves
Will    +++..                   H - +0 pair of boots of the Poles {rF- rN+ Regen+ Str+2}
Stlth   ++........              m - amulet "Ypyt" {Spirit Int+4 Slay+2}
HPRegen 1.27/turn               Q - ring "Hopih" {EV+4 Dex+7 Stlth+}
MPRegen 0.26/turn               Z - ring of Doubts {rElec rF+ rC+ Str-4 Int+6 SInv}

@: studying Fighting
A: high MP 1, forlorn, divine attributes, agile 1, deterioration 1, dopey 1
0: Orb of Zot
}: 3/15 runes: decaying, abyssal, gossamer
a: no special abilities


You escaped.
You visited 9 branches of the dungeon, and saw 47 of its levels.
You visited the Abyss 1 time.

You collected 4967 gold pieces.
You spent 3198 gold pieces at shops.

Inventory:

Hand Weapons
 b - a +4 longbow of freezing (weapon)
Armour
 a - a +1 pair of gloves (worn)
 k - the +4 hat of Decaying Life (worn) {rPois rC+ Will+}
   (You found it on level 2 of the Dungeon)

   rC:        It protects you from cold.
   rPois:     It protects you from poison.
   Will:      It increases your willpower.
 q - the +4 dragonskin cloak (worn)
   (You took it off Tiamat on level 1 of the Realm of Zot)

   It grants the wearer a chance to resist fire, cold, poison, electricity,
   acid, and negative energy.
 H - the +0 pair of boots of the Poles (worn) {rF- rN+ Regen+ Str+2}
   (You acquired it on level 1 of the Orcish Mines)

   Str:       It affects your strength (+2).
   rF:        It makes you vulnerable to fire.
   rN:        It protects you from negative energy.
   Regen:     It increases your rate of health regeneration.
 X - +8 fire dragon scales (worn)
Jewellery
 j - the ring of False Pretenses {Drain rElec rC+ SInv}
   (You found it on level 5 of the Lair of Beasts)

   [ring of protection from cold]

   rC:        It protects you from cold.
   rElec:     It insulates you from electricity.
   SInv:      It lets you see invisible.
   Drain:     It drains your maximum health when unequipped.
 m - the amulet "Ypyt" (around neck) {Spirit Int+4 Slay+2}
   (You found it on level 3 of the Spider Nest)

   [amulet of guardian spirit]

   It causes incoming damage to be divided between your reserves of health and
   magic.
   Int:       It affects your intelligence (+4).
   Slay:      It affects your accuracy & damage with ranged weapons and melee
   (+2).
 y - the ring "Lujear" {Wiz *Corrode rN++ Str+5}
   (You found it on level 3 of the Elven Halls)

   [ring of wizardry]

   It improves your spell success rate.
   Str:       It affects your strength (+5).
   rN:        It greatly protects you from negative energy.
   *Corrode:  It may corrode you when you take damage.
 Q - the ring "Hopih" (left hand) {EV+4 Dex+7 Stlth+}
   (You found it on level 1 of the Lair of Beasts)

   [ring of evasion]

   EV:        It affects your evasion (+4).
   Dex:       It affects your dexterity (+7).
   Stlth:     It makes you more stealthy.
 V - a +6 ring of intelligence
 Z - the ring of Doubts (right hand) {rElec rF+ rC+ Str-4 Int+6 SInv}
   (You found it on level 2 of the Vaults)

   [ring of intelligence]

   Str:       It affects your strength (-4).
   Int:       It affects your intelligence (+6).
   rF:        It protects you from fire.
   rC:        It protects you from cold.
   rElec:     It insulates you from electricity.
   SInv:      It lets you see invisible.
Wands
 d - a wand of iceblast (40)
 n - a wand of paralysis (27)
 o - a wand of flame (48)
 r - a wand of acid (5)
 s - a wand of digging (12)
 I - a wand of charming (4)
 O - a wand of polymorph (27)
 U - a wand of mindburst (3)
Scrolls
 f - 6 scrolls of teleportation {@r4}
 i - a scroll of torment
 p - 4 scrolls of silence
 t - 6 scrolls of vulnerability
 x - 3 scrolls of amnesia
 A - 10 scrolls of noise
 D - 6 scrolls of fear
 G - 4 scrolls of fog
 M - 8 scrolls of immolation
 T - 20 scrolls of identify {@r1}
 W - a scroll of magic mapping
Potions
 c - 4 potions of lignification
 e - a potion of invisibility
 g - a potion of haste {@q3}
 h - 6 potions of might
 l - 8 potions of brilliance
 u - 9 potions of flight
 v - a potion of heal wounds {@q2}
 z - 11 potions of degeneration
 B - a potion of resistance {unknown}
 E - 6 potions of curing {@q1}
 F - 2 potions of cancellation
 J - 4 potions of berserk rage
 K - 9 potions of ambrosia
 L - 3 potions of magic
 P - 7 potions of attraction
 Y - 3 potions of mutation
Miscellaneous
 R - a tin of tremorstones (2/2)


   Skills:
 - Level 20.0 Fighting
 - Level 22.0 Bows
 - Level 19.6 Armour
 + Level 17.7 Dodging
 - Level 7.8 Stealth
 - Level 7.6 Spellcasting
 - Level 7.1 Hexes
 + Level 11.6 Summonings
 + Level 13.5 Translocations


You had 19 spell levels left.
You knew the following spells:

 Your Spells              Type           Power      Damage    Failure   Level
a - Portal Projectile     Hex/Tloc       100%       N/A       1%          3
b - Passage of Golubria   Tloc           59%        N/A       1%          4
c - Malign Gateway        Summ/Tloc      28%        N/A       71%         7
d - Summon Forest         Summ/Tloc      28%        N/A       3%          5

Your spell library contained the following spells:

 Spells                   Type           Power      Damage    Failure   Level
 Apportation              Tloc           100%       N/A       1%          1
 Summon Small Mammal      Summ           100%       N/A       1%          1
 Call Canine Familiar     Summ           54%        N/A       1%          3
 Gell's Gravitas          Tloc           59%        N/A       1%          3
 Lesser Beckoning         Tloc           59%        N/A       1%          3
 Summon Guardian Golem    Hex/Summ       47%        N/A       1%          3
 Teleport Other           Tloc           59%        N/A       1%          3
 Tukima's Dance           Hex            38%        N/A       3%          3
 Ensorcelled Hibernation  Hex/Ice        44%        N/A       8%          2
 Cause Fear               Hex            19%        N/A       12%         4
 Summon Mana Viper        Hex/Summ       47%        N/A       13%         5
 Iskenderun's Mystic Bla  Conj/Tloc      36%        2d9       14%         4
 Inner Flame              Hex/Fire       22%        N/A       16%         3
 Summon Ice Beast         Ice/Summ       32%        N/A       21%         4
 Summon Lightning Spire   Summ/Air       32%        N/A       21%         4
 Animate Skeleton         Necr           14%        N/A       22%         1
 Beastly Appendage        Tmut           14%        N/A       22%         1
 Sandblast                Erth           14%        2d6       22%         1
 Shock                    Conj/Air       28%        1d4       22%         1
 Summon Cactus Giant      Summ           27%        N/A       28%         6
 Passwall                 Tmut/Erth      5%         N/A       32%         2
 Sublimation of Blood     Necr           7%         N/A       32%         2
 Wereblood                Tmut           7%         N/A       32%         2
 Anguish                  Hex/Necr       11%        N/A       45%         4
 Fulminant Prism          Conj/Hex       11%        3d9       45%         4
 Leda's Liquefaction      Hex/Erth       11%        N/A       45%         4
 Frozen Ramparts          Ice            14%        1d3       54%         3
 Ignite Poison            Fire/Tmut/Pois 7%         N/A       54%         3
 Ozocubu's Armour         Ice            7%         N/A       54%         3
 Spider Form              Tmut/Pois      7%         N/A       54%         3
 Stone Arrow              Conj/Erth      14%        3d7       54%         3
 Swiftness                Air            7%         N/A       54%         3
 Metabolic Englaciation   Hex/Ice        11%        N/A       80%         5
 Silence                  Hex/Air        11%        N/A       80%         5
 Yara's Violent Unravell  Hex/Tmut       11%        3d6       80%         5
 Airstrike                Air            3%         N/A       91%         4
 Animate Dead             Necr           3%         N/A       91%         4
 Hailstorm                Conj/Ice       7%         3d4       91%         4
 Ice Form                 Ice/Tmut       7%         N/A       91%         4
 Olgreb's Toxic Radiance  Pois           7%         N/A       91%         4
 Petrify                  Tmut/Erth      7%         N/A       91%         4
 Fireball                 Conj/Fire      3%         3d4       99%         5
 Irradiate                Conj/Tmut      3%         3d14      99%         5
 Iskenderun's Battlesphe  Conj           7%         2d6       99%         5
 Lee's Rapid Deconstruct  Erth           3%         3d6*      99%         5
 Lightning Bolt           Conj/Air       3%         1d15      99%         5
 Disjunction              Tloc           29%        N/A       99%         8
 Conjure Ball Lightning   Conj/Air       3%         3x3d6     100%        6
 Iron Shot                Conj/Erth      3%         9d2       100%        6
 Simulacrum               Ice/Necr       3%         N/A       100%        6
 Statue Form              Tmut/Erth      4%         N/A       100%        6
 Enfeeble                 Hex            19%        N/A       100%        7
 Haunt                    Necr/Summ      16%        N/A       100%        7
 Orb of Destruction       Conj           3%         9d5       100%        7
 Ozocubu's Refrigeration  Ice            3%         4d5       100%        7
 Spellforged Servitor     Conj/Summ      16%        N/A       100%        7
 Discord                  Hex            19%        N/A       100%        8
 Ignition                 Fire           3%         3d4       100%        8
 Infestation              Necr           3%         N/A       100%        8
 Lehudib's Crystal Spear  Conj/Erth      3%         10d3      100%        8
 Necromutation            Tmut/Necr      3%         N/A       100%        8
 Summon Horrible Things   Summ           27%        N/A       100%        8


Dungeon Overview and Level Annotations

Branches:
Dungeon (15/15)            Temple (0/1) D:7            Lair (6/6) D:10
  Swamp (4/4) Lair:3       Spider (4/4) Lair:4        Slime (0/5) Lair:5
    Orc (2/2) D:10            Elf (3/3) Orc:2        Vaults (4/5) D:14
  Crypt (0/3) Vaults:3     Depths (4/4) D:15            Zot (5/5) Depths:4

Shops:
D:2 [   D:8 (   Orc:1 ?   Orc:2 !([[   Elf:1 :==   Elf:3 =:(*   Vaults:2 (
Depths:1 ![   Depths:3 ?

Portals:
Hell: Depths:1 Depths:2 Depths:3
Abyss: Depths:1 Depths:2 Depths:3
Pandemonium: Depths:1 Depths:2 Depths:3
Ziggurat: Depths:3

Annotations:
D:3 Natasha
D:5 exclusion: water moccasin
D:8 exclusion: upstairs
D:9 Erolcha
Lair:3 Rupert
Lair:5 Buqosi's ghost, journeyman BaIE
Lair:6 Snorg
Spider:2 3 runed translucent doors, Entahu's ghost, journeyman VSBr
Spider:4 1 exclusion
Elf:1 Agnes
Elf:2 3 runed translucent doors
Depths:1 exclusion: sixfirhy
Depths:3 3 runed translucent doors, exclusions: downstairs, ice devil, smoke demon, soul eater and tormentor, Oleutuy's ghost, veteran SpVM
Depths:4 exclusion: juggernaut, Mennas


Innate Abilities, Weirdness & Mutations

You have an increased reservoir of magic. (+10% MP)
You shall have no god before yourself.
Your divine heritage dramatically boosts your attributes as you level up.
You are agile. (Dex +2)
Your body sometimes deteriorates upon taking damage.
You are dopey. (Int -2)


Message History

Something unseen opens the door.
You sense a monster nearby.
There is a stone staircase leading up here.
(D) Dungeon (T) Temple (L) Lair (S) Swamp (N) Spider Nest (M) Slime Pits (O) Orcish Mines (E) Elven Halls (V) Vaults (C) Crypt (U) Depths (H) Hell (Z) Zot
Where to? (Enter - D:1, ? - help)
You climb upwards.
There is a stone staircase leading down here.
Natasha, Servant of Life and Death comes into view.
Natasha moves out of view.
The shadow demon hits something but does no damage.
There is a stone staircase leading up here.
You climb upwards.
There is a stone staircase leading down here.
(D) Dungeon (T) Temple (L) Lair (S) Swamp (N) Spider Nest (M) Slime Pits (O) Orcish Mines (E) Elven Halls (V) Vaults (C) Crypt (U) Depths (H) Hell (Z) Zot
Where to? (Enter - D:1, ? - help)
A sixfirhy comes into view.
Unknown command.
You shoot an arrow. The arrow hits the sixfirhy!!
The arrow freezes the sixfirhy!
The sixfirhy is severely wounded.
You shoot an arrow. The arrow hits the sixfirhy!!
The arrow freezes the sixfirhy.
You kill the sixfirhy!
Unknown command.
(D) Dungeon (T) Temple (L) Lair (S) Swamp (N) Spider Nest (M) Slime Pits (O) Orcish Mines (E) Elven Halls (V) Vaults (C) Crypt (U) Depths (H) Hell (Z) Zot
Where to? (Enter - D:1, ? - help)
There is a stone staircase leading up here.
You climb upwards.
There is a stone staircase leading down here.
There is a staircase leading out of the dungeon here.
You have escaped!

# #.# #..####.####..# #.# #
#.####.......# #.## #.#
###.#....####..# #.# #.##
....#.#.## ##.# #.# #.##
........# #.####.# #...
##§.....## ##......## ####
#..≈≈≈≈.§####..≈≈≈≈..# #
..§≈≈§≈≈......≈≈≈≈≈≈.#
..≈≈§≈§§§.....≈≈@>≈≈.# #
..≈§≈§§≈......≈.≈≈≈≈.### #
..§§§§§...##...≈≈≈≈..#.### #
##...§§..####.......#....########
##...##.# ######...#...........
#...##.# ##.#....########
##..##.# #.##..#### #.###.#
#........# # #.# #.# ####..##.#
####


There were no monsters in sight!

Vanquished Creatures
  Tiamat (Zot:1)
  A dread lich (Zot:5)
  8 orbs of fire
  5 Killer Klowns (Zot:5)
  Frederick (Depths:3)
  A curse toe (Zot:3)
  Margery (Vaults:3)
  2 golden dragons
  2 caustic shrikes
  A pandemonium lord (Zot:5)
  2 bone dragons
  An electric golem (Zot:5)
  Jorgrun (Orc:2)
  6 liches
  A walking earthen tome (Zot:4)
  11 tentacled monstrosities
  A titan (Depths:3)
  4 death cobs
  2 deep elf master archers (Elf:3)
  2 deep elf blademasters (Elf:3)
  23 Orb Guardians
  3 walking divine tomes (Zot:4)
  2 walking frostbound tomes
  4 quicksilver dragons
  8 tentacled starspawn
  9 storm dragons
  A thorn hunter (Swamp:3)
  2 tengu reavers
  3 shadow dragons
  6 draconian monks
  8 fire giants
  3 draconian knights
  4 narguns (Zot:4)
  6 frost giants
  3 draconian scorchers
  A fenstrider witch (Swamp:3)
  An iron dragon (Depths:3)
  An orc warlord (Orc:1)
  6 deep elf sorcerers (Elf:3)
  3 emperor scorpions
  11 vault wardens
  4 draconian stormcallers
  9 ghost moths
  5 draconian annihilators
  7 draconian shifters
  6 deep elf elementalists (Elf:3)
  8 very ugly things
  15 ironbound preservers
  2 spriggan defenders (Depths:3)
  A juggernaut skeleton (Abyss:3)
  10 green draconians
  6 ironbound thunderhulks
  11 stone giants
  5 entropy weavers
  5 yellow draconians
  2 vampire knights
  7 deep elf annihilators
  4 deep elf demonologists (Elf:3)
  9 red draconians
  7 white draconians
  7 bunyips
  16 purple draconians
  2 eleionomae
  11 black draconians
  8 dire elephants
  5 spark wasps
  6 ettins
  2 fire dragons (Depths:2)
  2 crystal guardians (Vaults:3)
  2 deep elf death magi
  2 green deaths
  2 merfolk impalers (Depths:2)
  A merfolk javelineer (Abyss:5)
  A peacekeeper (Vaults:3)
  9 yaktaur captains
  5 deep elf high priests
  7 great orbs of eyes
  2 shambling mangroves (Swamp:3)
  A spriggan zombie (Depths:3)
  Fannar (Lair:2)
  20 hydras
  5 rakshasas
  The ghost of Ygigywn the Carver, a journeyman DsFi of Gozag (D:12)
  3 ghost crabs
  7 spriggan air magi
  14 boulder beetles
  12 ice dragons
  13 centaur warriors
  9 vault guards (Vaults:3)
  2 catoblepae
  Erica (D:8)
  19 death yaks
  A merfolk avatar (Lair:6)
  7 ironbound frosthearts
  An ogre mage (Vaults:2)
  A radroach (Spider:3)
  A death knight (D:15)
  12 dancing weapons
  5 jorogumos (Spider:4)
  11 deep troll shamans
  Amaemon (D:8)
  9 alligators
  5 two-headed ogres
  3 spriggan berserkers
  4 orc high priests (Orc:2)
  2 tengu warriors
  A sun demon (Depths:3)
  5 deep troll earth magi
  14 thrashing horrors
  Sonja (Lair:3)
  14 deep elf knights
  A titan skeleton (Vaults:3)
  10 skeletal warriors
  5 hell knights (Vaults:3)
  6 wretched stars
  3 sixfirhies
  4 sun moths
  10 iron trolls
  3 pharaoh ants
  A golden dragon zombie (Depths:3)
  7 spriggan druids
  7 steelbarb worms
  3 glowing orange brains
  11 orb spiders
  7 bog bodies
  A flayed ghost (Depths:2)
  4 goliath frogs
  50 deep trolls
  11 deep elf archers
  24 deep elf pyromancers
  11 wizards
  An obsidian statue (Vaults:4)
  15 starcursed masses
  10 swamp dragons (Swamp:4)
  7 ironbound convokers
  A tengu zombie (Depths:3)
  2 lindwurms (Vaults:1)
  4 phantasmal warriors
  25 deep elf zephyrmancers
  5 orc knights
  3 necromancers
  Pikel (D:6)
  24 wolf spiders
  2 mana vipers
  A manticore (D:12)
  2 worldbinders
  10 orc sorcerers
  A tengu skeleton (Vaults:3)
  45 ugly things
  A frost giant zombie (Depths:3)
  17 moths of wrath
  3 will-o-the-wisps
  A moth of wrath (shapeshifter) (D:14)
  5 cyclopes
  25 elephants
  15 vault sentinels
  6 black mambas
  An apocalypse crab (Abyss:5)
  2 stone giant skeletons (Vaults:3)
  A guardian serpent (Abyss:5)
  A smoke demon (Abyss:4)
  A fire giant skeleton (Vaults:3)
  2 gargoyles
  2 orange demons
  11 cane toads
  6 torpor snails
  6 large abominations
  A hellion (Depths:2)
  An unseen horror (D:12)
  12 komodo dragons
  2 ice devils (D:12)
  30 yaktaurs
  5 tengu conjurers
  3 hellwings
  A kobold demonologist (Abyss:4)
  A rime drake (shapeshifter) (Elf:1)
  10 demonic crawlers
  7 rime drakes
  4 ancient zymes
  An efreet (D:15)
  A freezing wraith (D:14)
  2 yaktaur skeletons (Vaults:3)
  A merfolk (D:14)
  A bloated husk (Swamp:3)
  9 meliai
  4 trolls
  A wind drake (Lair:6)
  10 tyrant leeches
  A slime creature (shapeshifter) (Depths:4)
  A raiju (shapeshifter) (Abyss:3)
  15 hornets
  6 polar bears
  Grinder (D:6)
  20 tarantellas
  31 slime creatures
  13 dream sheep (Lair:4)
  24 blink frogs
  15 raiju
  5 centaur simulacra (D:12)
  14 culicivoras
  16 spriggans
  39 jumping spiders
  3 ynoxinuls
  An air elemental (Elf:3)
  3 shadows
  4 wyverns
  9 water elementals
  2 vampires
  2 fire elementals
  A spriggan (shapeshifter) (D:14)
  36 yaks
  2 neqoxecs
  3 basilisks
  Grum (D:8)
  Menkaure (D:5)
  3 chaos spawn
  19 vampire mosquitoes
  A spatial vortex (Abyss:3)
  3 steam dragons
  5 wargs
  3 elf skeletons (Vaults:3)
  A redback (shapeshifter) (Depths:3)
  56 redbacks
  14 swamp worms
  An acid dragon (D:6)
  17 water moccasins
  A floating eye (Depths:3)
  2 meliai simulacra (D:12)
  An ice beast (D:7)
  A human skeleton (Vaults:3)
  4 swamp drakes
  2 black bears
  23 orc warriors
  A sky beast (D:5)
  5 ogres
  41 wolves
  9 centaurs
  2 lemures (D:6)
  A phantom (D:6)
  A kobold brigand (D:10)
  A wyvern zombie (D:8)
  2 scorpions (D:5)
  25 bullfrogs
  6 gnoll sergeants
  3 earth elementals
  3 small abominations
  10 wights
  2 howler monkeys (D:9)
  3 electric eels
  A lava snake (D:14)
  2 jellies
  A centaur zombie (D:9)
  14 orc priests
  3 hounds
  A centaur skeleton (D:7)
  A gnoll shaman (D:7)
  Jessica (D:2)
  Terence (D:3)
  Natasha (D:3)
  An iguana (D:5)
  33 orc wizards
  A killer bee zombie (D:7)
  2 howler monkey zombies
  Robin (D:2)
  34 gnolls
  8 adders
  5 white imps
  4 worms
  2 dart slugs
  70 orcs
  5 bats
  8 endoplasms
  5 giant cockroaches
  9 goblins
  15 hobgoblins
  9 jackals
  4 quokkas
  8 ball pythons
  3 frilled lizards
  11 kobolds
  5 rats
  A lurking horror (Abyss:5)
  7 starspawn tentacles
1950 creatures vanquished.

Vanquished Creatures (collateral kills)
  A draconian shifter (Zot:1)
  A draconian annihilator (Zot:1)
  A red draconian (Zot:1)
3 creatures vanquished.

Vanquished Creatures (others)
  A draconian stormcaller (Zot:1)
  An eleionoma (Swamp:4)
  A yellow draconian (Depths:4)
  A red draconian (Zot:3)
  A deep elf knight (Elf:3)
  A swamp dragon (Abyss:5)
  A smoke demon (Zot:5)
  2 bloated husks
  A swamp worm (Swamp:4)
  A swamp drake (Swamp:1)
  A small abomination (Abyss:5)
  6 foxfires
  67 fungi
  113 plants
  4 snaplasher vines
  14 starspawn tentacles
216 creatures vanquished.

Grand Total: 2169 creatures vanquished

Notes
Turn   | Place    | Note
-------+----------+-------------------------------------------
     0 | D:1      | freelancePsychic the Demigod Hunter began the quest for the
                  | Orb.
     0 | D:1      | Reached XP level 1. HP: 17/17 MP: 3/3
   257 | D:1      | Reached XP level 2. HP: 24/24 MP: 4/4
   527 | D:1      | Reached skill level 4 in Bows
   805 | D:2      | Reached XP level 3. HP: 30/30 MP: 5/5
  1034 | D:2      | Noticed Robin
  1050 | D:2      | Killed Robin
  1633 | D:2      | Identified the +4 hat of Decaying Life {rPois rC+ Will+}
  1740 | D:2      | Reached XP level 4. HP: 38/38 MP: 6/6
  1823 | D:2      | Found Misouczy's Antique Armour Boutique.
  1957 | D:2      | Noticed Jessica
  1960 | D:2      | Killed Jessica
  2384 | D:3      | Noticed Terence
  2395 | D:3      | Killed Terence
  2396 | D:3      | Reached skill level 5 in Bows
  2572 | D:3      | Reached XP level 5. HP: 45/45 MP: 7/7
  2579 | D:3      | Noticed Natasha
  2583 | D:3      | Killed Natasha
  3261 | D:4      | Noticed a black bear
  3268 | D:4      | Killed a black bear
  3269 | D:4      | Reached XP level 6. HP: 46/52 MP: 8/8
  3564 | D:5      | Entered Level 5 of the Dungeon
  3567 | D:5      | Noticed a water moccasin
  3584 | D:5      | Reached skill level 6 in Bows
  3970 | D:5      | Reached XP level 7. HP: 52/60 MP: 9/9
  4213 | D:5      | Noticed Menkaure
  4218 | D:5      | Killed Menkaure
  4219 | D:5      | Reached skill level 7 in Bows
  4349 | D:5      | Reached skill level 5 in Fighting
  5129 | D:6      | Reached XP level 8. HP: 68/68 MP: 10/10
  5271 | D:6      | Reached skill level 8 in Bows
  5680 | D:6      | Noticed Grinder
  5695 | D:6      | Paralysed by Grinder for 7 turns
  5703 | D:6      | Killed Grinder
  5788 | D:6      | Noticed Pikel
  6101 | D:7      | Found a staircase to the Ecumenical Temple.
  6368 | D:7      | Reached skill level 5 in Dodging
  6635 | D:7      | Reached skill level 9 in Bows
  6728 | D:7      | Reached XP level 9. HP: 74/75 MP: 11/11
  7633 | D:8      | Noticed Grum
  7795 | D:8      | Reached skill level 10 in Bows
  7927 | D:8      | Noticed Erica
  7947 | D:8      | Killed Erica
  8264 | D:8      | Killed Grum
  8510 | D:8      | Found Efimm's Weapon Shoppe.
  8723 | D:7      | Noticed a rust devil
  8723 | D:7      | Noticed a rust devil
  8773 | D:9      | Noticed Amaemon
  8773 | D:9      | Noticed an orange demon
  8783 | D:8      | Killed Amaemon
  8784 | D:8      | Reached XP level 10. HP: 86/86 MP: 13/13
  8837 | D:9      | Reached skill level 11 in Bows
  8861 | D:9      | Noticed Erolcha
  9025 | D:9      | Noticed a two-headed ogre
  9029 | D:9      | Killed a two-headed ogre
  9516 | D:10     | Entered Level 10 of the Dungeon
  9839 | D:10     | Found a staircase to the Orcish Mines.
 10001 | D:10     | Reached skill level 12 in Bows
 10276 | D:10     | Found a staircase to the Lair.
 10382 | D:10     | Reached XP level 11. HP: 95/95 MP: 14/14
 11478 | D:12     | You fall into a shaft and drop 1 floor!
 11484 | D:13     | Noticed a catoblepas
 11492 | D:13     | Killed a catoblepas
 11742 | D:12     | Found a runed translucent gate.
 11744 | D:12     | Found a runed translucent gate.
 11897 | D:12     | Noticed an ice dragon
 11910 | D:12     | Found a runed translucent gate.
 11991 | D:12     | Reached skill level 13 in Bows
 12691 | D:12     | Noticed Ygigywn's ghost (journeyman DsFi)
 13031 | D:13     | Noticed a boulder beetle
 13098 | Lair:1   | Entered Level 1 of the Lair of Beasts
 13098 | Lair:1   | Noticed a seven-headed hydra
 13122 | D:10     | Killed a seven-headed hydra
 13354 | Lair:1   | Noticed a four-headed hydra
 13622 | D:10     | Killed a four-headed hydra
 14100 | Lair:1   | Identified the +9 dagger "Arbiter" {drain, Fragile rC+
                  | Str+2}
 14276 | Lair:1   | Identified the ring "Hopih" {EV+4 Dex+7 Stlth+}
 14924 | Lair:2   | Noticed a spriggan rider
 14933 | Lair:1   | Reached XP level 12. HP: 95/106 MP: 15/15
 15024 | Lair:2   | Reached skill level 10 in Fighting
 15054 | Lair:2   | Reached skill level 14 in Bows
 15980 | Lair:2   | Noticed Fannar
 15984 | Lair:2   | Killed Fannar
 16358 | Lair:3   | Noticed Sonja
 16362 | Lair:3   | Killed Sonja
 16363 | Lair:3   | Reached skill level 10 in Dodging
 16635 | Lair:3   | Noticed Rupert
 16659 | Lair:4   | Reached skill level 15 in Bows
 16950 | Lair:4   | Reached XP level 13. HP: 114/116 MP: 16/16
 17377 | Lair:4   | Found a hole to the Spider Nest.
 17868 | Lair:5   | Reached skill level 16 in Bows
 18477 | Lair:5   | Reached skill level 1 in Hexes
 18477 | Lair:5   | Reached skill level 1 in Translocations
 18581 | Lair:5   | Learned a level 3 spell: Portal Projectile
 18833 | Lair:5   | Found a staircase to the Slime Pits.
 19150 | Lair:5   | Found a transporter.
 19224 | Lair:5   | Found a transporter.
 19284 | Lair:5   | Noticed Buqosi's ghost (journeyman BaIE)
 19311 | Lair:5   | Identified the ring of False Pretenses {Drain rElec rC+
                  | SInv}
 19489 | Lair:6   | Entered Level 6 of the Lair of Beasts
 19819 | Lair:6   | Reached XP level 14. HP: 98/127 MP: 17/17
 20743 | Lair:6   | Learned a level 4 spell: Passage of Golubria
 20830 | Lair:6   | Reached skill level 5 in Hexes
 20835 | Lair:6   | Reached skill level 5 in Translocations
 21379 | Lair:6   | Noticed Snorg
 22836 | D:14     | Found a gate to the Vaults.
 23182 | D:14     | Reached skill level 1 in Spellcasting
 24010 | D:15     | Entered Level 15 of the Dungeon
 24247 | D:15     | Found a staircase to the Depths.
 24247 | D:15     | Noticed a fire giant
 24867 | D:15     | Reached XP level 15. HP: 137/137 MP: 23/23
 25088 | D:12     | Killed Ygigywn's ghost
 25346 | Orc:1    | Entered Level 1 of the Orcish Mines
 25398 | Orc:2    | Entered Level 2 of the Orcish Mines
 25454 | Orc:2    | Found a staircase to the Elven Halls.
 25498 | Orc:2    | Found a runed translucent door.
 25711 | Orc:2    | Noticed Jorgrun
 25846 | Orc:1    | Found Zogox's Magic Scroll Emporium.
 25869 | Orc:1    | Bought a scroll of blinking for 82 gold pieces
 25869 | Orc:1    | Bought a scroll of magic mapping for 38 gold pieces
 25869 | Orc:1    | Bought a scroll of immolation for 38 gold pieces
 25870 | Orc:1    | Identified a scroll of acquirement
 25871 | Orc:1    | Acquired the +0 pair of boots of the Poles {rF- rN+ Regen+
                  | Str+2}
 26759 | Orc:2    | Killed Jorgrun
 26931 | Orc:2    | Found Mapusur's Distillery.
 27482 | Orc:2    | Reached skill level 1 in Armour
 27634 | Orc:2    | Found Ydoohel's Armour Shoppe.
 27644 | Orc:2    | Found Musmunam's Antique Armour Shoppe.
 27646 | Orc:2    | Found Orphorod's Antique Weapon Boutique.
 27655 | Orc:2    | Bought an ebony double sword for 580 gold pieces
 27655 | Orc:2    | Identified the +6 double sword of the Ancient Prophets
                  | {chaos, rPois rC+} (You bought it in a shop on level 2 of
                  | the Orcish Mines)
 28126 | D:15     | Killed a fire giant
 28127 | D:15     | Reached skill level 1 in Stealth
 28603 | Lair:3   | Found a staircase to the Swamp.
 28640 | Swamp:1  | Entered Level 1 of the Swamp
 28933 | Swamp:1  | Reached skill level 15 in Fighting
 29910 | Swamp:2  | You fall into a shaft and drop 1 floor!
 29929 | Swamp:3  | Noticed a thorn hunter
 29947 | Swamp:3  | Noticed a fenstrider witch
 31162 | Swamp:3  | Killed a fenstrider witch
 31258 | Swamp:3  | Reached XP level 16. HP: 150/150 MP: 26/26
 31360 | Swamp:3  | Reached skill level 5 in Armour
 31627 | Swamp:4  | Entered Level 4 of the Swamp
 32658 | Swamp:4  | Got a decaying rune of Zot
 32944 | Elf:1    | Entered Level 1 of the Elven Halls
 33013 | Elf:1    | Noticed Agnes
 33812 | Elf:1    | Found Tiecius's Book Boutique.
 33813 | Elf:1    | Found Jimef's Jewellery Shoppe.
 33813 | Elf:1    | Found Tat Gong's Jewellery Shoppe.
 34309 | Elf:2    | Found a runed translucent gate.
 34309 | Elf:2    | Found a runed translucent gate.
 34319 | Elf:2    | Found a runed translucent gate.
 34373 | Elf:2    | Reached XP level 17. HP: 149/160 MP: 27/27
 34899 | Elf:3    | Entered Level 3 of the Elven Halls
 34994 | Elf:3    | Found Urries Ykou's Assorted Antiques.
 35002 | Elf:3    | Bought a potion of haste for 220 gold pieces
 35014 | Elf:3    | Found Valarova's Book Boutique.
 35023 | Elf:3    | Bought a manual of Fighting for 1360 gold pieces
 35055 | Elf:3    | Reached skill level 17 in Bows
 35064 | Elf:3    | Found Weduga's Jewellery Shoppe.
 35081 | Elf:3    | Found Unujeyrr's Weapon Shop.
 35350 | Elf:3    | Gained mutation: You have hidden genetic defects. [a
                  | cacodemon]
 35352 | Elf:3    | Lost mutation: You have hidden genetic defects. [potion of
                  | mutation]
 35352 | Elf:3    | Gained mutation: You are agile. (Dex +2) [potion of
                  | mutation]
 35352 | Elf:3    | Gained mutation: You are covered in fur. (AC +1) [potion of
                  | mutation]
 35604 | Elf:3    | Noticed a deep elf blademaster
 35672 | Elf:3    | Killed a deep elf blademaster
 35821 | Elf:3    | Noticed a deep elf blademaster
 36098 | Elf:3    | Killed a deep elf blademaster
 36348 | Elf:3    | Reached skill level 18 in Bows
 36362 | Elf:3    | Identified the ring "Lujear" {Wiz *Corrode rN++ Str+5}
 36394 | Elf:3    | Identified the +6 hunting sling of Ruythraph {flame, rPois
                  | rF+ Dex+3}
 36735 | Spider:1 | Entered Level 1 of the Spider Nest
 36735 | Spider:1 | You fall into a shaft and drop 1 floor!
 36741 | Spider:2 | Found a runed translucent gate.
 36741 | Spider:2 | Found a runed translucent gate.
 36741 | Spider:2 | Found a runed translucent gate.
 36743 | Spider:2 | Noticed Entahu's ghost (journeyman VSBr)
 36833 | Spider:1 | Reached skill level 1 in Summonings
 37619 | Spider:2 | Learned a level 7 spell: Malign Gateway
 38510 | Spider:3 | Identified the amulet "Ypyt" {Spirit Int+4 Slay+2}
 38532 | Spider:3 | Reached XP level 18. HP: 174/174 MP: 28/28
 39905 | Spider:3 | Reached skill level 19 in Bows
 40100 | Spider:4 | Entered Level 4 of the Spider Nest
 40662 | Spider:4 | Reached skill level 5 in Summonings
 41364 | Spider:4 | Got a gossamer rune of Zot
 41821 | Depths:1 | Entered Level 1 of the Depths
 42082 | Depths:1 | Found a one-way gate leading to the halls of Pandemonium.
 42168 | Depths:1 | Found Hasofe's Armour Shoppe.
 42176 | Depths:1 | Found Setzi's Distillery.
 42180 | Depths:1 | Bought a potion of haste for 130 gold pieces
 42180 | Depths:1 | Bought a potion of magic for 104 gold pieces
 42520 | Depths:1 | Found a gateway to Hell.
 42709 | Depths:1 | Found a one-way gate to the infinite horrors of the Abyss.
 43471 | Depths:1 | Reached skill level 10 in Armour
 43588 | Depths:1 | Reached skill level 20 in Bows
 43720 | Depths:2 | Reached XP level 19. HP: 185/185 MP: 29/29
 44466 | Vaults:1 | Entered Level 1 of the Vaults
 45470 | Vaults:1 | Reached skill level 5 in Spellcasting
 46825 | Vaults:2 | Found Suba's Antique Weapon Emporium.
 46860 | Vaults:2 | Identified the ring of Doubts {rElec rF+ rC+ Str-4 Int+6
                  | SInv}
 47815 | Vaults:3 | Reached skill level 21 in Bows
 48359 | Vaults:3 | Reached XP level 20. HP: 193/193 MP: 34/34
 48405 | Vaults:3 | Got Sif Muna's Incunabulum of Intoxication and
                  | Transmigration
 48518 | Vaults:3 | Found a staircase to the Crypt.
 48869 | Vaults:3 | Noticed Margery
 48933 | Vaults:3 | Killed Margery
 48934 | Vaults:3 | Reached skill level 15 in Armour
 51412 | Depths:2 | Reached skill level 22 in Bows
 51691 | Depths:3 | Noticed Frederick
 51801 | Depths:3 | Killed Frederick
 51802 | Depths:3 | Reached skill level 5 in Stealth
 52048 | Depths:3 | Found a runed translucent gate.
 52048 | Depths:3 | Found a runed translucent gate.
 52048 | Depths:3 | Found a runed translucent gate.
 52049 | Depths:3 | Noticed Oleutuy's ghost (veteran SpVM)
 52049 | Depths:3 | Noticed an ancient lich
 52339 | Depths:3 | Reached skill level 15 in Dodging
 52394 | Depths:3 | Reached XP level 21. HP: 196/201 MP: 34/37
 52791 | Depths:3 | Found Kuot's Magic Scroll Boutique.
 52851 | Depths:3 | Found a one-way gateway to a ziggurat.
 53005 | Depths:4 | Entered Level 4 of the Depths
 53007 | Depths:4 | Noticed a caustic shrike
 53008 | Depths:4 | Noticed a caustic shrike
 53009 | Depths:4 | Noticed a caustic shrike
 53017 | Depths:3 | Killed a caustic shrike
 53125 | Depths:4 | Found a gate to the Realm of Zot.
 53584 | Depths:4 | Noticed Mennas
 53655 | Depths:4 | Killed a caustic shrike
 53925 | Depths:4 | Noticed a juggernaut
 54453 | Depths:1 | Voluntarily entered the Abyss.
 55214 | Abyss:5  | Entered Level 5 of the Abyss
 55278 | Abyss:5  | Reached XP level 22. HP: 119/209 MP: 13/38
 55278 | Abyss:5  | Reached XP level 23. HP: 122/215 MP: 13/39
 55278 | Abyss:5  | Got an abyssal rune of Zot
 55658 | Depths:1 | Escaped the Abyss
 55790 | Zot:1    | Entered Level 1 of the Realm of Zot
 55833 | Zot:1    | Found the +4 dragonskin cloak
 55833 | Zot:1    | Noticed Tiamat
 55945 | Zot:1    | Killed Tiamat
 56734 | Elf:3    | Bought a book of the Wilderness for 646 gold pieces
 56740 | Elf:3    | Learned a level 5 spell: Summon Forest
 57195 | Zot:1    | Reached skill level 10 in Translocations
 57354 | Zot:2    | You fall into a shaft and drop 2 floors!
 57699 | Zot:3    | Noticed an orb of fire
 57705 | Zot:3    | Gained mutation: You have sharp fingernails. [an orb of
                  | fire]
 57706 | Zot:3    | Gained mutation: Your body sometimes deteriorates upon
                  | taking damage. [an orb of fire]
 57707 | Zot:3    | Gained mutation: You are frail. (-10% HP) [an orb of fire]
 57709 | Zot:3    | Noticed an orb of fire
 57723 | Zot:3    | Killed an orb of fire
 57726 | Zot:3    | Noticed an orb of fire
 57727 | Zot:3    | Killed an orb of fire
 57743 | Zot:3    | Gained mutation: You are very frail. (-20% HP) [an orb of
                  | fire]
 57751 | Zot:3    | Killed an orb of fire
 57752 | Zot:3    | Lost mutation: You have sharp fingernails. [potion of
                  | mutation]
 57752 | Zot:3    | Lost mutation: You are agile. (Dex +2) [potion of mutation]
 57752 | Zot:3    | Gained mutation: You sometimes lose the ability to read
                  | scrolls when taking damage. [potion of mutation]
 57753 | Zot:3    | Lost mutation: Your body sometimes deteriorates upon taking
                  | damage. [potion of mutation]
 57753 | Zot:3    | Lost mutation: You are covered in fur. (AC +1) [potion of
                  | mutation]
 57753 | Zot:3    | Lost mutation: You sometimes lose the ability to read
                  | scrolls when taking damage. [potion of mutation]
 57753 | Zot:3    | Gained mutation: You tend to lose your temper in combat.
                  | [potion of mutation]
 57753 | Zot:3    | Gained mutation: You are dopey. (Int -2) [potion of
                  | mutation]
 57754 | Zot:3    | Lost mutation: You are dopey. (Int -2) [potion of mutation]
 57754 | Zot:3    | Lost mutation: You are very frail. (-20% HP) [potion of
                  | mutation]
 57755 | Zot:3    | Lost mutation: You tend to lose your temper in combat.
                  | [potion of mutation]
 57755 | Zot:3    | Lost mutation: You are frail. (-10% HP) [potion of
                  | mutation]
 57755 | Zot:3    | Gained mutation: You are agile. (Dex +2) [potion of
                  | mutation]
 57765 | Zot:3    | Reached XP level 24. HP: 112/224 MP: 17/39
 58018 | Zot:3    | Noticed an orb of fire
 58037 | Zot:3    | Killed an orb of fire
 58161 | Zot:4    | Identified the +5 double sword "Ijuklapt" {vamp, rElec rC+}
 59384 | Zot:5    | Entered Level 5 of the Realm of Zot
 59415 | Zot:5    | Noticed an orb of fire
 59423 | Zot:5    | Gained mutation: You are dopey. (Int -2) [an orb of fire]
 59424 | Zot:5    | Killed an orb of fire
 59566 | Zot:5    | Reached skill level 10 in Summonings
 59774 | Zot:5    | Identified the +3 broad axe of Resourcefulness {vorpal,
                  | *Slow Will++ rCorr MP+9}
 60011 | Zot:5    | Noticed a dread lich
 60022 | Zot:5    | Killed a dread lich
 60104 | Zot:5    | Noticed a Killer Klown
 60109 | Zot:5    | Noticed a Killer Klown
 60110 | Zot:5    | Killed a Killer Klown
 60128 | Zot:5    | Killed a Killer Klown
 60173 | Zot:5    | Noticed an orb of fire
 60185 | Zot:5    | Killed an orb of fire
 60195 | Zot:5    | Noticed a Killer Klown
 60196 | Zot:5    | Noticed a Killer Klown
 60198 | Zot:5    | Noticed an orb of fire
 60202 | Zot:5    | Killed a Killer Klown
 60202 | Zot:5    | Noticed a Killer Klown
 60211 | Zot:5    | Killed an orb of fire
 60219 | Zot:5    | Killed a Killer Klown
 60231 | Zot:5    | Killed a Killer Klown
 60469 | Zot:5    | Noticed an orb of fire
 60473 | Zot:5    | Gained mutation: Your body sometimes deteriorates upon
                  | taking damage. [an orb of fire]
 60480 | Zot:5    | Killed an orb of fire
 60482 | Zot:5    | Got the Orb of Zot
 60521 | Zot:5    | Noticed Muevozie the pandemonium lord
 60533 | Zot:5    | Killed Muevozie the pandemonium lord
 60758 | D:15     | Noticed Lesengan the pandemonium lord
 60873 | D:10     | Noticed Capsafom the pandemonium lord
 60916 | D:6      | Killed Pikel
 60995 | D:3      | Noticed Natasha
 61104 | D:$      | Escaped with the Orb!

Illustrated notes

Levels and vault maps discovered:
D:1:      dpeg_arrival_pits, layout_loops_ring
D:2:      layout_basic, serial_shops, nicolae_shop_stone, basic_altar,
          chequers_ecumenical_altar_grove, minmay_pentomino_o4, uniq_robin,
          uniq_jessica
D:3:      layout_rooms, serial_aquarium, aquarium_bridge_straight
          [aquarium_subvault_bridge, aquarium_subvault_balcony,
          aquarium_subvault_bridge, aquarium_subvault_window],
          aquarium_bridge_square [aquarium_subvault_wall,
          aquarium_subvault_wall, aquarium_subvault_bridge,
          aquarium_subvault_window], aquarium_window_2, aquarium_window_fake,
          aquarium_view_2e, aquarium_view_2a, aquarium_balcony_5b, uniq_natasha,
          uniq_terence
D:4:      layout_gridville, lemuel_tele_altar
D:5:      layout_loops_ring, hellmonk_bongcloud_opening, minmay_misc_feat_chi,
          hangedman_decor_diamond_cutter, kb_lookout_dungeons_type,
          kennysheep_generic_room_8, uniq_menkaure
D:6:      layout_basic, mainiacjoe_overflow_catwalk, minivault_24, uniq_grinder,
          uniq_pikel
D:7:      cheibrodos_iron_armory, layout_loops_corners, temple_hall,
          serial_glass, glass_columns_a, glass_columns_a,
          minmay_strange_pillars, feat_on_display, due_unseen_surprise
D:8:      layout_gridville, grunt_temple_overflow_diamond, serial_shops,
          kennysheep_mini_moat, uniq_erica, uniq_grum
D:9:      layout_long_grid, hive_lemuel, uniq_amaemon, uniq_erolcha
D:10:     layout_rooms, grunt_dithmenos_smoke, erik_lair_orcish_takeover,
          minmay_orc_entry_temple_small, hangedman_abyss_or_decor_clamps,
          nrook_loot_triangle
D:11:     layout_rooms
D:12:     layout_loops_corners, gammafunk_ghost_icy, lemuel_nasty_fountain
D:13:     layout_roguey, grunt_decor_arrowhead
D:14:     kennysheep_scales, layout_gridville, david_vaults_4,
          nicolae_cairo_tiling_large, hangedman_stone_soup,
          serial_bayou_lagoon_a
D:15:     grunt_enter_depths_giant_problem, layout_long_grid, fountainhead,
          minivault_26
Lair:1:   layout_roguey, guppyfry_lair_drakes
Lair:2:   layout_cave_pods, grunt_forest_large_clearings, uniq_fannar
Lair:3:   layout_roguey, skrybe_swamp_entry_bodies, uniq_sonja, uniq_rupert
Lair:4:   layout_regular_city, dummy_spider_entry, infiniplex_staircase_pool_2
Lair:5:   layout_cellular_growth, slime_altar_1,
          gammafunk_ghost_berserking_beasts, nicolae_lair_run_with_the_wolves
Lair:6:   gammafunk_lair_ancient_temple, layout_loops_ring, basic_altar,
          uniq_snorg
Swamp:1:  layout_basic_swamp, evilmike_swamp_ruin_house_6
Swamp:2:  layout_basic_swamp, nicolae_swamp_some_circles
Swamp:3:  layout_basic_swamp, hangedman_swamp_ruin_wall
Swamp:4:  swamp_alternative, layout_basic_swamp, swamp_pool4, kb_tengu_band
Spider:1: layout_spider_delve, nicolae_spider_swamp_cousins
Spider:2: layout_cave_pods, ebering_ghost_rock_garden, drop_trap,
          nicolae_spider_cling_ruins, spiders_nest_hornet_nest
Spider:3: nicolae_spider_mines_3
Spider:4: grunt_spider_rune_island
Orc:1:    cheibrodos_orc_bank, layout_diamond_mine, serial_shops, shop,
          guppyfry_library_mini
Orc:2:    st_orc_elflike, layout_diamond_mine, statue_in_the_mist_lemuel,
          lightli_church_of_beogh, uniq_jorgrun
Elf:1:    eino_elf_arrival_customs, layout_loops_corners,
          kennysheep_underground_church, minmay_shop_grove, uniq_agnes
Elf:2:    elven_hall_of_blades_hangedman_original
          [infiniplex_blade_entry_pillars], layout_onion_city
Elf:3:    elf_hall_gauntlet_wide, layout_gridlike, serial_shops,
          nicolae_shop_trees, shop, nicolae_shop_temple_entry_statues_fountains,
          nicolae_shop_competitors_out_of_business
Vaults:1: vaults_mumra_hex, ontoclasm_vaults_shuriken,
          nicolae_vaults_halls_meeting, hangedman_vaults_corner,
          nicolae_vaults_circle_grid_a, nicolae_vaults_theta, v_rooms_5,
          nicolae_vaults_stairing_the_circle, ontoclasm_vaults_ring_square,
          v_alt_pattern_6, vaults_room_door_ring, v_misc_12,
          layout_vaults_maze_bifur
Vaults:2: nicolae_vaults_shelves_hall, nicolae_vaults_diagonal_hallway_8,
          vaults_room_door_ring, ontoclasm_vaults_decontamination,
          nicolae_vaults_yaktaur_gun_rack, layout_vaults_quadrants,
          serial_shops, nicolae_shop_crystal
Vaults:3: nicolae_vaults_big_ls, minmay_crypt_entry_skeletal_spiral,
          hangedman_vaults_snaps, v_rooms_1, v_pattern_4, grunt_vaults_funnel,
          v_misc_8, vaults_room_grid, hangedman_vaults_maws,
          nicolae_vaults_ring_of_whatevers, layout_vaults_big_room, uniq_margery
Vaults:4: dpeg_vaults_monster_row, nicolae_vaults_windows_and_doors_thing,
          nicolae_vaults_border_crossing, hangedman_vaults_impose,
          hangedman_vaults_cutoff, hangedman_vaults_stitches,
          nicolae_vaults_statue_guard, v_misc_32, nicolae_vaults_theta,
          ontoclasm_vaults_twist, nicolae_vaults_theta,
          nicolae_vaults_little_squares_3, serial_ice_h, grunt_vaults_bifocal,
          layout_vaults_ring
Depths:1: layout_gridlike, rand_demon_pan_entry_9, serial_rivers,
          chequers_serial_rivers_large_a, chequers_serial_rivers_micro_e,
          chequers_serial_rivers_micro_a, chequers_serial_rivers_large_b,
          hell_entry, abyss_entry_flame_altar, chequers_serial_rivers_room_b,
          nemelex_xobeh_ov_fountains_minmay, minmay_shop_star
Depths:2: minmay_box_of_statues, layout_cave_pools, abyss_entry, pan_entry,
          pf_coc_iceberg, solitary_fountain
Depths:3: grunt_house_of_mirrors, layout_cave_pools, enter_ziggurat_f,
          gammafunk_ghost_necromancy, hangedman_geh_valley, serial_shops,
          nicolae_diamond_shop, abyss_entry, rand_demon_pan_entry_3,
          nicolae_qazlal_eye_of_the_storm, uniq_frederick
Depths:4: grunt_x_marks_the_spot, layout_gridlike, pf_hell_entry_tar_spiral,
          nicolae_ru_awakened_eye, uniq_mennas
Zot:1:    layout_misc_corridors, hangedman_zot_decor_unnerving_road, uniq_tiamat
Zot:2:    layout_misc_corridors, ebering_ghost_inner_flame, grunt_megastairs_5
Zot:3:    layout_misc_corridors, bh_zot_ikea_curve, st_single_dragon_hoard_4,
          lemuel_lake_of_fire
Zot:4:    layout_gridlike, nicolae_rock_paper_scissors
Zot:5:    layout_onion

Skill      XL: |  1  2  3  4  5  6  7  8  9 10 11 12 13 14 15 16 17 18 19 20 21 22 23 24 |
---------------+-------------------------------------------------------------------------+-----
Fighting       | 2 3 4 5 6 7 8 9 11 12 13 15 16 18 20 | 20.0
Bows           | 4 5 6 7 9 10 12 13 15 16 18 20 21 22 | 22.0
Dodging        | 2 3 5 6 7 9 10 11 12 13 14 15 17 | 17.7
Hexes          | 3 6 7 |  7.1
Translocations | 3 6 8 9 10 13 | 13.5
Spellcasting   | 2 4 6 7 |  7.6
Armour         | 4 7 10 14 16 18 19 | 19.6
Stealth        | 2 4 5 7 |  7.8
Summonings     | 3 6 8 11 | 11.6

Action                   |  1- 3 |  4- 6 |  7- 9 | 10-12 | 13-15 | 16-18 | 19-21 | 22-24 || total
-------------------------+-------+-------+-------+-------+-------+-------+-------+-------++-------
Melee: Unarmed           |       |       |     1 |       |       |       |       |       ||     1
 Fire: Shortbow          |   105 |   132 |   429 |   765 |  1810 |   630 |       |       ||  3871
       Longbow           |       |       |       |       |       |  1091 |  1744 |  1134 ||  3969
Throw: Throwing net      |       |       |     2 |     1 |       |       |     1 |     2 ||     6
 Cast: Portal Projectile |       |       |       |       |    26 |    22 |    19 |    14 ||    81
       Passage of Golubr |       |       |       |       |       |    17 |    12 |     2 ||    31
       Summon Forest     |       |       |       |       |       |       |       |     9 ||     9
Evoke: Wand              |       |       |       |       |     1 |     1 |     1 |     2 ||     5
       Tin of tremorston |       |       |       |       |       |     1 |       |       ||     1
  Use: Scroll            |     1 |     4 |     6 |     5 |    11 |    18 |    14 |    18 ||    77
       Potion            |       |     1 |       |     3 |     4 |     2 |     2 |    19 ||    31
Armor: Leather armour    |    13 |    28 |    41 |       |       |       |       |       ||    82
       Skin              |       |     4 |       |       |       |       |       |       ||     4
       Steam dragon scal |       |       |    11 |    83 |    92 |   118 |       |       ||   304
       Troll leather arm |       |       |     8 |       |       |       |       |       ||     8
       Fire dragon scale |       |       |       |       |       |       |   322 |   133 ||   455
Dodge: Dodged            |    29 |    28 |   169 |   436 |   850 |  1431 |  1266 |   642 ||  4851

Table legend: (Time is in decaauts)
 A = Elapsed time spent in this place.
 B = Non-inter-level travel time spent in this place.
 C = Inter-level travel time spent in this place.
 D = Time resting spent in this place.
 E = Time spent auto-exploring this place.
 F = Levels seen in this place.
 G = Mean time per level.
                   A        B        C        D        E       F      G
               +--------+--------+--------+--------+--------+-----+--------+
         Total |  60254 |  54777 |   5477 |   5434 |  37190 |  52 | 1158.7 |
       Dungeon |  19342 |  17441 |   1901 |   1002 |  13705 |  15 | 1289.5 |
          Lair |   7726 |   6882 |    844 |    965 |   4447 |   6 | 1287.7 |
         Swamp |   4226 |   4039 |    187 |    585 |   2633 |   4 | 1056.5 |
   Spider Nest |   4746 |   4434 |    312 |    627 |   2707 |   4 | 1186.5 |
  Orcish Mines |   2695 |   2467 |    228 |    475 |   1475 |   2 | 1347.5 |
   Elven Halls |   3775 |   3337 |    438 |    166 |   2233 |   3 | 1258.3 |
        Vaults |   6575 |   6048 |    527 |     47 |   4717 |   4 | 1643.8 |
        Depths |   6127 |   5372 |    755 |   1095 |   2921 |   4 | 1531.8 |
           Zot |   3894 |   3612 |    282 |    397 |   1874 |   5 |  778.8 |
         Abyss |   1145 |   1145 |      0 |     71 |    475 |   5 |  229.0 |
               +--------+--------+--------+--------+--------+-----+--------+

Top non-repeatable levels by time:
  Lair:5: 2791 daAuts
    D:10: 2081 daAuts
Depths:1: 2065 daAuts
    D:12: 1958 daAuts
Vaults:1: 1957 daAuts
    D:14: 1940 daAuts
Vaults:3: 1828 daAuts
Spider:2: 1634 daAuts
   Elf:3: 1571 daAuts
Vaults:4: 1571 daAuts
Depths:2: 1568 daAuts
     D:7: 1533 daAuts
   Elf:1: 1480 daAuts
     D:8: 1478 daAuts
Depths:3: 1417 daAuts
